 Dungeon Crawl Stone Soup version 0.23.0-3-gf3c87f2 (webtiles) character file.

Game seed: 785970139864685685

161 vishdafish the Charmwright (level 5, 33/39 HPs)
             Began as a Demonspawn Skald on Feb 22, 2019.
             Quit the game on level 3 of the Dungeon.
             The game lasted 00:01:56 (2877 turns).

vishdafish the Charmwright (Demonspawn Skald)       Turns: 2877, Time: 00:01:57

Health: 33/39      AC:  3    Str: 11    XL:     5   Next: 18%
Magic:  8/8        EV: 12    Int: 16    God:
Gold:   161        SH:  0    Dex: 12    Spells: 7/8 levels left

rFire    . . .     SeeInvis .   a - +0 falchion
rCold    . . .     Gourm    .   (no shield)
rNeg     . . .     Faith    .   b - +0 leather armour
rPois    .         Spirit   .   (no helmet)
rElec    .         Reflect  .   (no cloak)
rCorr    .         Harm     .   (no gloves)
MR       .....                  (no boots)
Stlth    +.........             (no amulet)
HPRegen  0.13/turn              (no ring)
MPRegen  0.11/turn              (no ring)

@: no status effects
A: talons 1, powered by pain 1, spiny 1
a: no special abilities


You were on level 3 of the Dungeon.
You were not hungry.

You visited 1 branch of the dungeon, and saw 3 of its levels.

You collected 161 gold pieces.

Inventory:

Hand Weapons
 a - a +0 falchion (weapon)
Armour
 b - a +0 leather armour (worn)
Jewellery
 n - an uncursed ring of protection from magic {unknown}
 q - a cursed ring of see invisible {unknown}
Scrolls
 f - a scroll of magic mapping {unknown}
 g - 2 scrolls of immolation {unknown}
 h - 9 scrolls of identify {unknown}
 j - a scroll of amnesia {unknown}
 l - a scroll of noise {unknown}
 o - a scroll of teleportation {unknown}
Potions
 c - a potion of heal wounds {unknown}
 e - 2 potions of mutation {unknown}
 i - a potion of lignification {unknown}
 k - a potion of cancellation {unknown}
 m - a potion of degeneration {unknown}
 p - 3 potions of curing {unknown}
Comestibles
 d - 4 rations


   Skills:
 + Level 2.7 Fighting
 * Level 3.2 Long Blades
 + Level 2.0 Armour
 - Level 1.8 Dodging
 - Level 2.2 Spellcasting
 + Level 3.5 Charms


You had 7 spell levels left.
You knew the following spells:

 Your Spells              Type           Power        Failure   Level  Hunger
a - Infusion              Chrm           ##..         6%          1    #......

Your spell library contained the following spells:

 Spells                   Type           Power        Failure   Level  Hunger
 Song of Slaying          Chrm           ##......     10%         2    ###....
 Shroud of Golubria       Chrm/Tloc      #.........   19%         2    ###....
 Regeneration             Chrm/Necr      #.........   36%         3    ###....
 Spectral Weapon          Hex/Chrm       #.......     36%         3    ###....


Dungeon Overview and Level Annotations

Branches:
Dungeon (3/15)

Altars:
Kikubaaqudgha
Ru
Wu Jian


Innate Abilities, Weirdness & Mutations

You have sharp toenails.
You sometimes gain a little power by taking damage.
You are partially covered in sharp spines.


Message History

You barely miss the hound. You claw the hound, but do no damage.
The hound bites you.
You hit the hound.
The hound is lightly wounded.
The hound is struck by your spines. The hound bites you but does no damage.
The hound is struck by your spines. The hound misses you.
You riposte.
You hit the hound.
The hound is heavily wounded.
You hit the hound. Your kick misses the hound.
The hound is almost dead.
The hound is struck by your spines.
You kill the hound!
Your Armour skill increases to level 2!
You have reached level 5!
q - a granite ring You open the door.
An adder comes into view.
The adder hisses angrily.
An orc comes into view. It is wielding a +0 flail.
Are you sure you want to abandon this character and quit the game? (Confirm with "yes".)

..##.# #...........#
...#.# #...........#
...#.# #.....>.....#
...#.# #...........#
...#.# #...........#
##.#.#.# ##.##########
#)#.#.# #.# ##.#.#.#
#.# ...#.#.# #@#
.###.#.# #.'...o.. .#
#.#.# ###.S.... .#
#.#.#### ......
.###.#....# .....
..........# #####
####.###############.#
#.................#
#################.#


You could see an adder and an orc (wandering).

Vanquished Creatures
  A hound (D:3)
  7 adders
  2 worms
  2 dart slugs
  2 leopard geckos
  2 orcs (D:3)
  4 giant cockroaches
  7 goblins
  9 hobgoblins
  3 kobolds
  2 quokkas (D:3)
  5 bats
  A frilled lizard (D:3)
  9 rats
56 creatures vanquished.

Notes
Turn   | Place    | Note
-------+----------+-------------------------------------------
     0 | D:1      | vishdafish the Demonspawn Skald began the quest for the
                  | Orb.
     0 | D:1      | Reached XP level 1. HP: 16/16 MP: 3/3
   347 | D:1      | Gained mutation: You are partially covered in sharp spines.
                  | [demonic ancestry]
   347 | D:1      | Reached XP level 2. HP: 14/22 MP: 5/5
   426 | D:1      | Reached skill level 1 in Armour
   676 | D:2      | Gained mutation: You sometimes gain a little power by
                  | taking damage. [demonic ancestry]
   676 | D:2      | Reached XP level 3. HP: 17/27 MP: 6/6
  1534 | D:2      | Found a sacrificial altar of Ru.
  2080 | D:2      | Gained mutation: You have sharp toenails. [demonic
                  | ancestry]
  2080 | D:2      | Reached XP level 4. HP: 32/34 MP: 7/7
  2086 | D:2      | Found an ancient bone altar of Kikubaaqudgha.
  2232 | D:3      | Found an ornate altar of the Wu Jian Council.
  2791 | D:3      | Found a faded altar of an unknown god.
  2861 | D:3      | Reached XP level 5. HP: 31/39 MP: 8/8
  2877 | D:3      | Quit the game

Skill      XL: |  1  2  3  4 |
---------------+-------------+-----
Charms         | 3 |  3.5
Long Blades    | 2 3 |  3.2
Armour         | 1 2 |  2.0
Fighting       | |  2.7
Dodging        | |  1.8
Spellcasting   | |  2.2

Action                   |  1- 3 |  4- 6 || total
-------------------------+-------+-------++-------
Melee: Falchion          |    90 |    52 ||   142
       Kick              |       |    15 ||    15
 Stab: Sleeping          |     1 |       ||     1
  Eat: Chunk             |     2 |     4 ||     6
Armor: Leather armour    |    22 |    11 ||    33
Dodge: Dodged            |    45 |    27 ||    72
       Rpst.: Falchion   |    15 |    11 ||    26
